 Dungeon Crawl Stone Soup version 0.17-a0-2215-g49c1de0 (webtiles) character file.

639 fredomojojo the Quickloader (level 7, -6/44 HPs)
             Began as a Kobold Hunter on Oct 27, 2015.
             Mangled by an orc warrior
             ... wielding a +0 hand axe
              (8 damage)
             ... on level 5 of the Dungeon.
             The game lasted 01:03:23 (3814 turns).

fredomojojo the Quickloader (Kobold Hunter)         Turns: 3814, Time: 01:03:24

Health: -6/44      AC:  3    Str: 10      XL:     7   Next: 80%
Magic:  11/11      EV: 16    Int:  9      God:    Xom [.....*]
Gold:   240        SH:  0    Dex: 16 (19) Spells: 0 memorised, 11 levels left

rFire  . . .     SeeInvis .     c - +0 short sword
rCold  . . .     Clarity  .     d - +0 leather armour
rNeg   . . .     SustAt   .     (shield restricted)
rPois  .         Gourm    .     (no helmet)
rElec  .         Spirit   .     (no cloak)
rCorr  .         Warding  .     (no gloves)
rMut   .         Stasis   .     (no boots)
MR     .....                    (no amulet)
Stlth  +++++.....               (no ring)
                                h - ring of stealth

@: not resistant to hostile enchantments, quite stealthy
A: carnivore 3
a: Renounce Religion


You were on level 5 of the Dungeon.
You worshipped Xom.
You were Xom's teddy bear.
You were not hungry.

You visited 2 branches of the dungeon, and saw 6 of its levels.

You collected 240 gold pieces.

Inventory:

Hand Weapons
 a - a +1 hand crossbow
 c - a +0 short sword (weapon)
Missiles
 b - 84 bolts
 k - 90 stones (quivered)
 p - 22 arrows
Armour
 d - a +0 leather armour (worn)
Jewellery
 h - a ring of stealth (left hand)
 q - an uncursed amulet of the gourmand
Scrolls
 f - 5 scrolls of magic mapping
 g - 4 scrolls of remove curse
 i - a scroll of immolation {unknown}
 l - 3 scrolls of teleportation
 n - 2 scrolls of blinking {unknown}
 u - a scroll of amnesia {unknown}
Potions
 r - 2 potions of flight
 t - a potion of might
Comestibles
 e - a meat ration
 v - a beef jerky
 w - a slice of pizza


   Skills:
 + Level 4.5 Fighting
 + Level 4.1 Short Blades
 + Level 8.5 Crossbows
 + Level 3.2 Throwing
 + Level 2.6 Armour
 + Level 4.8 Dodging
 * Level 7.6 Stealth
 + Level 3.1 Unarmed Combat
 + Level 2.7 Spellcasting


You had 11 spell levels left.
You didn't know any spells.

Dungeon Overview and Level Annotations

Branches:
Dungeon (5/15)             Temple (1/1) D:5

Altars:
Cheibriados
Elyvilon
Gozag
Kikubaaqudgha
Makhleb
Okawaru
Ru
Sif Muna
Trog
Vehumet
Xom
The Shining One


Innate Abilities, Weirdness & Mutations

You are small and have problems with some larger weapons.
You are carnivorous and can eat meat at any time.


Message History

The orc warrior is heavily wounded.
The orc warrior hits you with a hand axe!
Firing (i - inventory. (,) - cycle):
b - 85 bolts (quivered)
Press: ? - help, Shift-Dir - straight line, f/p - orc warrior
Aim: an orc warrior, wielding a hand axe and wearing a chain mail (heavily wounded)
You shoot a bolt.
The bolt hits the orc warrior but does no damage.
The orc warrior is heavily wounded.
The orc warrior misses you.
Wield which item (- for none, * to show all)? (? for menu, Esc to quit)
c - a +0 short sword (weapon)
You barely miss the orc warrior.
The orc warrior is heavily wounded.
The orc warrior hits you with a hand axe!!
* * * LOW HITPOINT WARNING * * *
You closely miss the orc warrior.
The orc warrior is heavily wounded.
The orc warrior hits you with a hand axe!
You die...
Xom bursts into laughter!

##############
#((oo@.......#
####
#.##########.#
#... #########§#
#.# #.##
##......##§#######
#.# #.#
#...⌠...§o§##....#
#># #.#
#.....o###.##.##.#
#.# #.# #.⌠.>.⌠#
#.##.##.# #.#
####.# #.(....#
#.##.##.# #.#
#....## #(..⌠..#
#.##.##.# #.#
#......


You could see an orc warrior and an orc.

Vanquished Creatures
  An ice beast (D:5)
  The ghost of Skaffen the Slasher, an amateur DsBe of Trog (D:3)
  A centaur (D:5)
  A crimson imp (D:3)
  2 orc priests
  A centaur skeleton (D:4)
  2 iguanas
  2 worker ants
  An orc wizard (D:5)
  A shadow imp (D:5)
  4 adders
  An adder zombie (D:5)
  2 adder skeletons
  A worm (D:4)
  3 giant geckos
  3 orcs (D:5)
  2 ball pythons (D:5)
  2 bats (D:2)
  6 hobgoblins
  2 quokkas (D:3)
  6 giant cockroaches
  8 giant newts
  6 goblins
  6 kobolds
  4 rats
69 creatures vanquished.

Notes
Turn   | Place    | Note
--------------------------------------------------------------
     0 | D:1      | fredomojojo the Kobold Hunter began the quest for the Orb.
     0 | D:1      | Reached XP level 1. HP: 12/12 MP: 1/1
     4 | D:1      | Noticed an electric eel
     4 | D:1      | Noticed an electric eel
    56 | D:2      | Reached skill level 5 in Crossbows
    64 | D:2      | Reached XP level 2. HP: 17/17 MP: 2/2
   437 | D:2      | Reached XP level 3. HP: 21/21 MP: 3/3
   438 | D:2      | Upgraded the game from 0.17-a0-2208-ge5ab1d3 to 0.17-a0-2215-g49c1de0
   553 | D:2      | Reached skill level 7 in Crossbows
   553 | D:2      | Reached XP level 4. HP: 9/29 MP: 3/8
  1157 | D:3      | Reached XP level 5. HP: 33/33 MP: 9/9
  1509 | D:3      | You fall through a shaft!
  1956 | D:3      | Reached XP level 6. HP: 39/39 MP: 10/10
  2130 | D:3      | Noticed Skaffen's ghost (amateur DsBe)
  2155 | D:3      | Killed Skaffen's ghost
  2500 | D:5      | Entered Level 5 of the Dungeon
  2907 | D:5      | Reached XP level 7. HP: 23/44 MP: 11/11
  3213 | D:5      | Reached skill level 8 in Crossbows
  3404 | D:5      | Found a staircase to the Ecumenical Temple.
  3407 | D:5      | Noticed an orc warrior
  3412 | Temple   | Entered the Ecumenical Temple
  3734 | Temple   | Became a worshipper of Xom the Less-Predictable
  3763 | Temple   | XOM: harmless Trmt miscast
  3796 | D:5      | XOM: divination: magic mapping
  3801 | D:5      | XOM: smoke on damage
  3813 | D:5      | HP: 2/44 [orc warrior/hand axe (19)]
  3814 | D:5      | Mangled by an orc warrior

Vault maps used:
D:1:      arrival_aquarium_b
D:2:      st_stairs_12
D:5:      old_standard_altar, temple_fountains, first_bread
Temple:   oiseaux_autumnal_temple_12

Action                   |  1- 3 |  4- 6 |  7- 9 || total
-------------------------+-------+-------+-------++-------
Melee: Short sword       |    38 |    10 |    17 ||    65
 Fire: Hand crossbow     |    14 |    97 |    50 ||   161
  Use: Scroll            |     1 |     4 |     2 ||     7
       Potion            |     1 |       |     3 ||     4
 Stab: Sleeping          |     1 |     5 |     1 ||     7
  Eat: Chunk             |       |     3 |     2 ||     5
       Meat ration       |       |     1 |       ||     1
